 Dungeon Crawl Stone Soup version 0.19.0-19-g8c6edcc (webtiles) character file.

149 Antunes the Skirmisher (level 5, 0/33 HPs)
             Began as a Gargoyle Fighter on Nov 12, 2016.
             Killed by divine providence
             ... invoked by an orc priest
              (13 damage)
             ... on level 3 of the Dungeon.
             The game lasted 00:09:53 (1767 turns).

Antunes the Skirmisher (Gargoyle Fighter)           Turns: 1767, Time: 00:09:56

Health: 0/33       AC: 10    Str: 19    XL:     5   Next: 31%
Magic:  5/5        EV:  7    Int:  9    God:
Gold:   161        SH:  9    Dex: 10    Spells: 0 memorised, 4 levels left

rFire  . . .     SeeInvis .     a - +3 war axe
rCold  . . .     Gourm    .     b - +0 scale mail
rNeg   + . .     Faith    .     c - +0 shield
rPois  ∞         Spirit   .     (no helmet)
rElec  +         Reflect  .     (no cloak)
rCorr  .         Harm     .     (no gloves)
MR     .....                    (no boots)
Stlth  ..........               (no amulet)
                                (no ring)
                                (no ring)

@: no status effects
A: negative energy resistance 1, electricity resistance, unbreathing,
petrification resistance, rot immunity, AC +4
a: no special abilities


You were on level 3 of the Dungeon.
You were not hungry.

You visited 1 branch of the dungeon, and saw 4 of its levels.

You collected 161 gold pieces.

Inventory:

Hand Weapons
 a - a +3 war axe (weapon)
 m - a +0 dagger
 p - a cursed -1 dagger
 u - a +0 hand axe of draining
Missiles
 h - 69 stones (quivered)
 q - 16 poisoned needles
 s - a throwing net
Armour
 b - a +0 scale mail (worn)
 c - a +0 shield (worn)
Jewellery
 n - a +6 amulet of reflection {unknown}
 v - an uncursed amulet of faith {unknown}
 w - a cursed -3 ring of evasion {unknown}
Scrolls
 i - a scroll of identify
 r - 2 scrolls of teleportation
 x - a scroll of remove curse {unknown}
Potions
 d - 2 potions of might
 e - a potion of brilliance {unknown}
 l - 2 potions of haste {unknown}
 o - 3 potions of curing
 t - a potion of cure mutation {unknown}
Comestibles
 f - 2 bread rations
 g - a chunk of flesh
 j - 2 beef jerkies
 k - 4 fruits


   Skills:
 * Level 4.1 Fighting
 * Level 3.5 Axes
 * Level 3.6 Armour
 * Level 1.0 Dodging
 * Level 1.6 Stealth
 + Level 3.4 Shields


You had 4 spell levels left.
You didn't know any spells.

Dungeon Overview and Level Annotations

Branches:
Dungeon (4/15)
 Temple: D:4-7

Altars:
Ashenzari

Annotations:
D:2 exclusion: downstairs
D:4 Eustachio


Innate Abilities, Weirdness & Mutations

You are resistant to torment.
Your stone body is resilient. (AC +4)
You are immune to poison.
You resist negative energy. (rN+)
You are resistant to electric shocks. (rElec)
You can survive without breathing.
You are immune to petrification.
You are immune to rotting.


Message History

The orc priest hits you with a falchion.
The orc shouts!
You slash the orc priest!
The orc priest is severely wounded.
The orc priest hits you but does no damage.
You closely miss the orc priest.
The orc priest is severely wounded.
The orc priest hits you but does no damage.
You completely miss the orc priest.
The orc priest is severely wounded.
The orc priest mumbles some strange prayers to Beogh against you.
Pain shoots through your body!
You hit the orc priest but do no damage.
The orc priest is severely wounded.
You slash the orc!
You kill the orc!
You block the orc priest's attack.
The orc priest mumbles some strange prayers to Beogh against you.
Beogh smites you!
You die...

*,,,,,,,,,,* #####.########
*,,.......,* #.....# #
*,.........* #####.####
**........## #..##.
*,.........# #######.....
*,.........# ###...........
*,......o..# #...####.##.#.
*,.......)o###.#.........#.
*,........@..............#.
**........###..#.####.##...
*#...........##.####.#####
######.#.####.......#
*#.o....#..##....#####
*#o.#######....#.##
####o.#* ##.....# #..<.#*
#.###.# #..###
##.##..#######


You could see an orc priest and an orc.

Vanquished Creatures
  An orc wizard (D:3)
  4 adders (D:2)
  2 worms (D:2)
  3 dart slugs (D:1)
  3 leopard geckos
  5 orcs (D:3)
  3 ball pythons (D:2)
  5 giant cockroaches
  10 hobgoblins
  3 jackals (D:1)
  A quokka (D:3)
  6 bats
  A frilled lizard (D:1)
  9 goblins
  4 kobolds (D:3)
  3 rats
63 creatures vanquished.

Notes
Turn   | Place    | Note
-------+----------+-------------------------------------------
     0 | D:1      | Antunes the Gargoyle Fighter began the quest for the Orb.
     0 | D:1      | Reached XP level 1. HP: 14/14 MP: 1/1
    83 | D:1      | Reached XP level 2. HP: 14/19 MP: 2/2
   244 | D:1      | Found a shattered altar of Ashenzari.
   417 | D:1      | Reached XP level 3. HP: 19/24 MP: 3/3
   472 | D:1      | Reached skill level 1 in Stealth
   766 | D:2      | Reached XP level 4. HP: 29/29 MP: 4/4
  1289 | D:3      | Reached skill level 4 in Fighting
  1383 | D:2      | Reached skill level 1 in Dodging
  1573 | D:3      | Reached XP level 5. HP: 28/33 MP: 5/5
  1715 | D:4      | Noticed Eustachio
  1767 | D:3      | Killed from afar by an orc priest

Skill      XL: |  1  2  3  4 |
---------------+-------------+-----
Axes           | 2 3 |  3.5
Stealth        | 1 |  1.6
Fighting       | 4 |  4.1
Dodging        | 1 |  1.0
Armour         | |  3.6
Shields        | |  3.4

Action                   |  1- 3 |  4- 6 || total
-------------------------+-------+-------++-------
Melee: War axe           |   135 |    69 ||   204
  Use: Scroll            |       |    11 ||    11
  Eat: Chunk             |       |     3 ||     3
Armor: Scale mail        |    84 |    45 ||   129
Dodge: Dodged            |    43 |    30 ||    73
Block: Shield            |    68 |    35 ||   103
